 Dungeon Crawl Stone Soup version 0.26-a0-852-g6321bf7485 (webtiles) character file.

Game seed: 13364546919686350030

1484 marklar909 the Ruffian (level 8, -3/75 HPs)
             Began as a Troll Monk on Nov 22, 2020.
             Was a Priest of Makhleb.
             Shot with an arrow by a centaur (8 damage)
             ... on level 6 of the Dungeon.
             The game lasted 00:05:03 (3933 turns).

marklar909 the Ruffian (Troll Monk)                 Turns: 3933, Time: 00:05:03

Health: -3/75      AC:  6    Str: 21    XL:     8   Next: 50%
Magic:  9/9        EV: 12    Int:  6    God:    Makhleb [***...]
Gold:   55         SH:  0    Dex: 13    Spells: 7/7 levels left

rFire    . . .     SeeInvis .     - Unarmed
rCold    . . .     Faith    .   (no shield)
rNeg     . . .     Spirit   .   a - +0 robe
rPois    .         Reflect  .   (helmet restricted)
rElec    .         Harm     .   (no cloak)
rCorr    .         Rampage  .   (gloves unavailable)
MR       .....                  (boots unavailable)
Stlth    ++........             (no amulet)
HPRegen  0.62/turn              (no ring)
MPRegen  0.11/turn              (no ring)

@: no status effects
A: large, unfitting armour, claws 3, regeneration 1, shaggy fur 1, tough skin 3
a: Minor Destruction, Lesser Servant of Makhleb, Renounce Religion


You were on level 6 of the Dungeon.
You worshipped Makhleb.
Makhleb was most pleased with you.
You visited 1 branch of the dungeon, and saw 6 of its levels.

You collected 235 gold pieces.
You spent 180 gold pieces at shops.

Inventory:

Missiles
 m - 4 large rocks (quivered)
Armour
 a - a +0 robe (worn)
Jewellery
 b - a +6 ring of strength {unknown}
 u - an uncursed amulet of faith {unknown}
Wands
 v - a wand of acid (13)
 x - a wand of digging (5)
 y - a wand of flame (22)
Scrolls
 c - 2 scrolls of magic mapping
 d - a scroll of amnesia
 f - 4 scrolls of identify
 h - 3 scrolls of enchant weapon
 n - a scroll of remove curse
 p - a scroll of blinking
 r - a scroll of fear {unknown}
Potions
 e - a potion of brilliance
 g - a potion of cancellation {unknown}
 i - 3 potions of heal wounds
 j - 2 potions of lignification {unknown}
 k - 6 potions of curing
 l - a potion of resistance
 o - a potion of magic {unknown}
 q - 2 potions of might
 s - a potion of ambrosia {unknown}
 t - a potion of degeneration {unknown}
 w - a potion of mutation {unknown}
 z - a potion of flight


   Skills:
 + Level 3.5 Fighting
 + Level 0.5 Throwing
 + Level 4.5 Dodging
 + Level 2.3 Stealth
 + Level 7.7 Unarmed Combat
 * Level 3.4 Invocations


You had 7 spell levels left.
You didn't know any spells.
Your spell library contained the following spells:

 Spells                   Type           Power        Failure   Level
 Freeze                   Ice            #...         45%         1
 Frozen Ramparts          Ice            #.....       83%         3
 Ozocubu's Armour         Ice            #.......     83%         3
 Hailstorm                Conj/Ice       #.......     99%         4
 Summon Ice Beast         Ice/Summ       #.......     99%         4


Dungeon Overview and Level Annotations

Branches:
Dungeon (6/15)
 Temple: D:4-7

Altars:
Dithmenos
Elyvilon
Fedhas
Makhleb
Nemelex Xobeh
Uskayaw
Wu Jian
Yredelemnul

Shops:
D:5 !   D:6 *

Annotations:
D:6 Menkaure


Innate Abilities, Weirdness & Mutations

You are too large for most types of armour.
You have claws for hands.
Your natural rate of healing is unusually fast.
You are covered in fur. (AC +1)
You have extremely tough skin. (AC +3)


Message History

Unknown command.
Unknown command.
A centaur comes into view.
Menkaure blazes with dark energy!
Menkaure calls on the powers of darkness!
Your body is wracked with pain!
The centaur convulses!
The centaur shouts!
The centaur wields a +0 shortbow.
The centaur shoots an arrow.
The arrow closely misses you. Menkaure hits you!
The centaur shoots an arrow.
The arrow misses you.
Unknown command.
You are too injured to fight recklessly!
Unknown command.
You are too injured to fight recklessly!
Unknown command.
Unknown command.
A demon appears!
Menkaure hits you!
* * * LOW HITPOINT WARNING * * *
The centaur shoots an arrow.
The arrow hits you!
You die...

#.........#.##
#.......#....
.....c....#.#
........#...#
.....>......#
#...........# #
#.....M.....####..
#......@.........$
#..........#.....
#.....4.(()#..##..
##.........<.......
#.............###..
#.#..............<
#........#......#..
###....###.....$#
########...#......?#


You could see Menkaure (fast), a centaur and a friendly orange demon (summoned).

Vanquished Creatures
  Eustachio (D:5)
  A black bear (D:5)
  A phantom (D:4)
  2 ogres
  Blork the orc (D:5)
  A bullfrog (D:5)
  A scorpion (D:5)
  A crimson imp (D:2)
  A centaur zombie (D:3)
  A hound (D:4)
  8 orc wizards
  A bullfrog skeleton (D:5)
  2 centaur skeletons
  A worker ant (D:5)
  A hound zombie (D:5)
  2 hound skeletons
  4 gnolls (D:5)
  8 adders
  A white imp (D:5)
  An ooze (D:1)
  2 dart slugs
  4 leopard geckos
  18 orcs
  A giant cockroach (D:3)
  7 goblins
  6 hobgoblins
  8 jackals
  11 kobolds
  2 quokkas (D:4)
  3 ball pythons
  11 bats
  3 frilled lizards (D:2)
  A jackal skeleton (D:5)
  9 rats
126 creatures vanquished.

Vanquished Creatures (collateral kills)
  Edmund (D:5)
  A centaur (D:5)
  2 orcs (D:5)
4 creatures vanquished.

Grand Total: 130 creatures vanquished

Notes
Turn   | Place    | Note
-------+----------+-------------------------------------------
     0 | D:1      | marklar909 the Troll Monk began the quest for the Orb.
     0 | D:1      | Reached XP level 1. HP: 22/22 MP: 0/0
   110 | D:1      | Reached XP level 2. HP: 29/29 MP: 1/1
   539 | D:1      | Reached XP level 3. HP: 36/36 MP: 2/2
   825 | D:2      | Found a burning altar of Makhleb.
   836 | D:2      | Reached skill level 4 in Unarmed Combat
   836 | D:2      | Reached XP level 4. HP: 45/45 MP: 3/3
   842 | D:2      | Became a worshipper of Makhleb the Destroyer
   842 | D:2      | Reached * piety under Makhleb
   842 | D:2      | Reached ** piety under Makhleb
  1216 | D:2      | Found a shadowy altar of Dithmenos.
  1450 | D:3      | Reached XP level 5. HP: 48/53 MP: 4/4
  1481 | D:3      | Found an ornate altar of the Wu Jian Council.
  1787 | D:3      | Found a blossoming altar of Fedhas.
  1795 | D:3      | Reached skill level 1 in Invocations
  2207 | D:4      | Found a hide-covered altar of Uskayaw.
  2259 | D:4      | Noticed a phantom
  2291 | D:4      | Killed a phantom
  2291 | D:4      | Reached *** piety under Makhleb
  2292 | D:4      | Reached skill level 5 in Unarmed Combat
  2292 | D:4      | Reached XP level 6. HP: 61/61 MP: 4/6
  2710 | D:5      | Entered Level 5 of the Dungeon
  2710 | D:5      | Noticed Eustachio
  2727 | D:5      | Reached XP level 7. HP: 41/67 MP: 7/7
  2728 | D:5      | Killed Eustachio
  2729 | D:5      | Reached skill level 6 in Unarmed Combat
  2873 | D:5      | Found a white marble altar of Elyvilon.
  2873 | D:5      | Noticed Edmund
  2885 | D:5      | Killed Edmund
  3061 | D:5      | Noticed Blork the orc
  3071 | D:5      | Killed Blork the orc
  3072 | D:5      | Reached XP level 8. HP: 68/75 MP: 9/9
  3199 | D:5      | Found a basalt altar of Yredelemnul.
  3236 | D:5      | Reached skill level 7 in Unarmed Combat
  3362 | D:5      | Found Ukhad's Distillery.
  3375 | D:5      | Bought a potion of curing for 36 gold pieces
  3375 | D:5      | Bought a potion of heal wounds for 60 gold pieces
  3375 | D:5      | Bought a potion of flight for 36 gold pieces
  3375 | D:5      | Bought a potion of might for 48 gold pieces
  3536 | D:5      | You fall into a shaft and drop 1 floor!
  3536 | D:6      | Found Paitaorakh's General Store.
  3536 | D:6      | Noticed Menkaure
  3773 | D:5      | Found a sparkling altar of Nemelex Xobeh.
  3933 | D:6      | Shot with an arrow by a centaur

Illustrated notes

Levels and vault maps discovered:
D:1:      tarquinn_simple_flora_water_e, layout_basic, grunt_decor_clamped
D:2:      layout_rooms, makhleb_grotto_becter, serial_aquarium,
          aquarium_bridge_island_small [aquarium_subvault_small_water,
          aquarium_subvault_bridge, aquarium_subvault_window,
          aquarium_subvault_window, aquarium_subvault_bridge],
          aquarium_window_fake, aquarium_window_fake, aquarium_view_2a,
          aquarium_view_2b, aquarium_pool_2, grunt_dithmenos_smoke_and_mirrors
D:3:      layout_loops_ring, marbit_many_paths, fedhas_altar_fruit_tree
D:4:      layout_rooms, overflow_temple_1_default
D:5:      layout_loops_cross, kennysheep_ying_yang, lemuel_doored_altar,
          serial_rivers, chequers_serial_rivers_micro_c,
          chequers_serial_rivers_large_b, chequers_serial_rivers_micro_c,
          chequers_serial_rivers_large_a, serial_shops, shop_statue, hex_medium,
          uniq_eustachio, uniq_edmund, uniq_blork_the_orc
D:6:      layout_rooms, chequers_temple_overflow_statue_of_worship,
          gammafunk_ghost_mausoleum, serial_shops, shop, chequers_mini_garden,
          minmay_misc_feat_five, minmay_misc_feat_pillars, uniq_menkaure

Skill      XL: |  1  2  3  4  5  6  7  8 |
---------------+-------------------------+-----
Fighting       | 3 |  3.5
Unarmed Combat | 4 5 6 7 |  7.7
Dodging        | 3 4 |  4.5
Invocations    | 1 2 3 |  3.4
Stealth        | 2 |  2.3
Throwing       | |  0.5

Action                   |  1- 3 |  4- 6 |  7- 9 || total
-------------------------+-------+-------+-------++-------
Melee: Unarmed           |    80 |   175 |   118 ||   373
       Punch             |     1 |     4 |     4 ||     9
Throw: Large rock        |       |     2 |       ||     2
Invok: Lesser Servant of |       |     1 |     1 ||     2
  Use: Scroll            |       |    10 |       ||    10
 Stab: Sleeping          |     1 |     6 |     2 ||     9
Armor: Robe              |    50 |    62 |    41 ||   153
Dodge: Dodged            |    59 |   104 |    42 ||   205

Table legend: (Time is in decaauts)
 A = Elapsed time spent in this place.
 B = Non-inter-level travel time spent in this place.
 C = Inter-level travel time spent in this place.
 D = Time resting spent in this place.
 E = Time spent auto-exploring this place.
 F = Levels seen in this place.
 G = Mean time per level.
                   A        B        C        D        E       F      G
               +--------+--------+--------+--------+--------+-----+--------+
         Total |   3942 |   3743 |    199 |     93 |   2892 |   6 |  657.0 |
       Dungeon |   3942 |   3743 |    199 |     93 |   2892 |   6 |  657.0 |
               +--------+--------+--------+--------+--------+-----+--------+

Top non-repeatable levels by time:
     D:5: 1218 daAuts
     D:3: 740 daAuts
     D:1: 715 daAuts
     D:4: 626 daAuts
     D:2: 610 daAuts
     D:6: 31 daAuts
